 Dungeon Crawl Stone Soup version 0.22-a0-537-ge9e9f76342 (webtiles) character file.

14 M4edhros the Grave Robber (level 2, -1/17 HPs)
             Began as an Octopode Necromancer on June 22, 2018.
             Slain by an adder (4 damage)
             ... on level 4 of the Dungeon.
             The game lasted 00:01:40 (380 turns).

M4edhros the Grave Robber (Octopode Necromancer)     Turns: 380, Time: 00:01:41

Health: -1/17      AC:  2    Str:  7    XL:     2   Next: 41%
Magic:  2/5        EV: 13    Int: 17    God:
Gold:   39         SH:  0    Dex: 12    Spells: 3/5 levels left

rFire    . . .     SeeInvis .     - Unarmed
rCold    . . .     Gourm    .   (no shield)
rNeg     + . .     Faith    .   (helmet restricted)
rPois    .         Spirit   .   (no amulet)
rElec    .         Reflect  .   a - +1 ring of protection
rCorr    .         Harm     .   h - ring of positive energy
MR       .....                  (no ring)
Stlth    +++.......             (no ring)
HPRegen  0.05/turn              (no ring)
MPRegen  0.09/turn              (no ring)
                                (no ring)
                                (no ring)

@: no status effects
A: almost no armour, stealthy swim, amphibious, 8 rings, constrict 8, camouflage
1, gelatinous body 1
a: no special abilities


You were on level 4 of the Dungeon.
You were not hungry.

You visited 1 branch of the dungeon, and saw 4 of its levels.

You collected 39 gold pieces.

Inventory:

Jewellery
 a - a +1 ring of protection (left tentacle)
 h - a ring of positive energy (right tentacle)
Scrolls
 d - 2 scrolls of remove curse {unknown}
 e - a scroll of amnesia {unknown}
 f - a scroll of enchant armour {unknown}
Potions
 g - a potion of agility {unknown}
Comestibles
 b - 6 rations
 c - a chunk of flesh


   Skills:
 - Level 2.0 Dodging
 - Level 2.6 Stealth
 + Level 2.0 Unarmed Combat
 - Level 2.0 Spellcasting
 - Level 4.0 Necromancy


You had 3 spell levels left.
You knew the following spells:

 Your Spells              Type           Power        Failure   Level  Hunger
a - Pain                  Necr           ###.         3%          1    #......
b - Animate Skeleton      Necr           N/A          3%          1    #......

Your spell library contained the following spells:

 Spells                   Type           Power        Failure   Level  Hunger
 Animate Dead             Necr           N/A          36%         4    #####..
 Vampiric Draining        Necr           ###.......   11%         3    ###....
 Regeneration             Chrm/Necr      #.........   26%         3    ###....


Dungeon Overview and Level Annotations

Branches:
Dungeon (4/15)
 Temple: D:4-7

Altars:
Dithmenos


Innate Abilities, Weirdness & Mutations

You cannot wear most types of armour.
You are very stealthy in the water. (Stealth+)
You are amphibious.
You can wear up to eight rings at the same time.
You can use your tentacles to constrict eight enemies at once.
Your skin changes colour to match your surroundings (Stealth+).
Your rubbery body absorbs attacks. (AC +1, EV +1)


Message History

Confirm with . or Enter, or press ? or * to list all spells.
Aiming: Pain (safe; 3% risk of failure)
Press: ? - help, Shift-Dir - straight line, f/p - adder
Aim: an adder (chance to defeat MR: 80%)
The adder barely resists.
Casting: Pain (safe; 3% risk of failure)
Confirm with . or Enter, or press ? or * to list all spells.
Aiming: Pain (safe; 3% risk of failure)
Press: ? - help, Shift-Dir - straight line, f/p - adder
Aim: an adder (chance to defeat MR: 80%)
The adder writhes in agony!
The adder bites you.
* * * LOW HITPOINT WARNING * * *
You tentacle-slap the adder. Your grab misses the adder.
Your squeeze misses the adder.
The adder is severely wounded.
The adder misses you.
You closely miss the adder. Your grab misses the adder.
The adder is severely wounded.
The adder closely misses you. The adder bites you.
You die...

#Z###.#
#...Z.#
#####.# # #.#
.# #.# ###.###
#.## .......
#.#Z##.......
#.###.#.......
#.# ##@S....:.
..# ##.......
.## ....... #
.......
#####.. .


You could see an adder and a friendly goblin skeleton.

Vanquished Creatures
  An ooze (D:3)
  A worm (D:2)
  A hobgoblin (D:2)
  A bat (D:2)
  2 goblins
  2 kobolds (D:2)
8 creatures vanquished.

Notes
Turn   | Place    | Note
-------+----------+-------------------------------------------
     0 | D:1      | M4edhros the Octopode Necromancer began the quest for the Orb.
     0 | D:1      | Reached XP level 1. HP: 11/11 MP: 3/3
    72 | D:2      | Learned a level 1 spell: Animate Skeleton
    96 | D:2      | Reached skill level 1 in Unarmed Combat
   200 | D:2      | Reached XP level 2. HP: 6/17 MP: 1/5
   213 | D:2      | Found a shadowy altar of Dithmenos.
   328 | D:3      | Noticed a centaur
   348 | D:4      | Noticed a scorpion
   380 | D:4      | Slain by an adder

Vault maps used:
D:1:      grunt_arrival_crossed_arrows, minivault_19
D:2:      lemuel_coloured_pillars_altar, lemuel_doored_altar,
          nicolae_overflow_crystal_walls
D:3:      grunt_temple_overflow_gold_and_silver, first_ration, uniq_jessica
D:4:      nicolae_overflow_hidden_temple, nicolae_dithmenos_shadow_blocks

Skill      XL: |  1  2 |
---------------+-------+-----
Unarmed Combat | 1 2 |  2.0
Dodging        | |  2.0
Stealth        | |  2.6
Spellcasting   | |  2.0
Necromancy     | |  4.0

Action                   || total
-------------------------++-------
Melee: Unarmed           ||    23
       Tentacles         ||     9
       Constrict         ||     5
 Cast: Animate Skeleton  ||     4
       Pain              ||     7
 Stab: Sleeping          ||     1
Armor: Skin              ||     2
Dodge: Dodged            ||    15

Table legend:
 A = Spawn XP
 B = Non-spawn XP
 C = Spawn XP percentage of total XP
 D = Spawn monster count
 E = Non-spawn monster count
 F = Spawn count percentage of total count
 G = Total turns spent on level
                    A         B        C        D         E        F      G
               +---------+---------+-------+---------+---------+-------+---------
         Total |       0 |      20 |   0.0 |       0 |       8 |   0.0 |   380
               +---------+---------+-------+---------+---------+-------+---------
           D:2 |       0 |      11 |   0.0 |       0 |       6 |   0.0 |   219
           D:3 |       0 |       7 |   0.0 |       0 |       1 |   0.0 |    85
           D:4 |       0 |       2 |   0.0 |       0 |       1 |   0.0 |    45
               +---------+---------+-------+---------+---------+-------+---------
